 Dungeon Crawl Stone Soup version 0.24.0-29-g8ce449bc06 (webtiles) character file.

Game seed: 10694694617062176293, levelgen mode: deterministic

373 Delamore the Cleaver (level 6, 0/51 HPs)
             Began as a Hill Orc Fighter on Nov 14, 2019.
             Killed by divine providence
             ... invoked by an orc priest
              (11 damage)
             ... on level 4 of the Dungeon.
             The game lasted 00:04:48 (3186 turns).

Delamore the Cleaver (Hill Orc Fighter)             Turns: 3186, Time: 00:04:48

Health: 0/51       AC:  6    Str: 21    XL:     6   Next: 72%
Magic:  6/6        EV:  7    Int:  8    God:
Gold:   167        SH:  9    Dex: 12    Spells: 5/5 levels left

rFire    . . .     SeeInvis .   a - +0 war axe
rCold    . . .     Gourm    .   c - +0 shield
rNeg     . . .     Faith    .   b - +0 scale mail
rPois    .         Spirit   .   (no helmet)
rElec    .         Reflect  .   (no cloak)
rCorr    .         Harm     .   (no gloves)
MR       .....                  (no boots)
Stlth    ..........             (no amulet)
HPRegen  0.17/turn              (no ring)
MPRegen  0.10/turn              (no ring)

@: no status effects
A: thin skeletal structure 1, MP-powered wands
a: Convert to Beogh


You were on level 4 of the Dungeon.
You were not hungry.

You visited 1 branch of the dungeon, and saw 4 of its levels.

You collected 167 gold pieces.

Inventory:

Hand Weapons
 a - a +0 war axe (weapon)
Missiles
 p - 43 poisoned darts (quivered)
Armour
 b - a +0 scale mail (worn)
 c - a +0 shield (worn)
 i - a +0 plate armour
Scrolls
 e - a scroll of teleportation {unknown}
 g - a scroll of remove curse {unknown}
 h - 5 scrolls of identify {unknown}
 m - a scroll of amnesia {unknown}
 n - a scroll of blinking {unknown}
 q - a scroll of magic mapping {unknown}
 r - a scroll of enchant weapon {unknown}
Potions
 d - 4 potions of might
 k - a potion of degeneration {unknown}
 l - a potion of haste {unknown}
 o - 3 potions of flight {unknown}
 s - a potion of lignification {unknown}
Comestibles
 f - 4 rations
 j - a chunk of flesh


   Skills:
 - Level 3.6 Fighting
 + Level 9.1 Axes
 - Level 3.2 Armour
 - Level 3.2 Shields


You had 5 spell levels left.
You didn't know any spells.
Your spell library was empty.

Dungeon Overview and Level Annotations

Branches:
Dungeon (4/15)
 Temple: D:4-7

Altars:
Vehumet
Beogh

Annotations:
D:3 3 runed translucent doors, Delamore's ghost, amateur HOFi


Innate Abilities, Weirdness & Mutations

You have a somewhat thin skeletal structure. (Dex +2, Stealth)
You expend magic power (3 MP) to strengthen your wands.


Message History

You kill the orc!
You block the orc priest's attack.
You closely miss the orc priest.
The orc priest is moderately wounded.
You feel sick.
You are no longer poisoned.
The orc priest closely misses you.
You slash the orc priest!
The orc priest is almost dead.
The orc priest calls down the wrath of Beogh upon you.
Beogh smites you!
* * * LOW HITPOINT WARNING * * *
You hit the orc priest.
The orc priest is almost dead.
The orc priest hits you but does no damage.
You closely miss the orc priest.
The orc priest is almost dead.
The orc priest calls down the wrath of Beogh upon you.
Beogh smites you!
You die...

..........###..
...........#...
##..............
#...............
#####...............
###...#..............>
......##.....o.......
#........##.)@.......
#.....)###.#.......
#.......##.###.....
#..........## ....
#....#<##...##.....
.#####...#.##..[....
..
.....#.##.#.....###...
. ..........#...### ..
.......##......###
....


You could see an orc priest.

Vanquished Creatures
  A hound (D:4)
  An orc priest (D:3)
  An orc wizard (D:3)
  A bullfrog skeleton (D:4)
  A worker ant (D:4)
  2 hound skeletons (D:4)
  A howler monkey skeleton (D:4)
  10 adders
  An ooze (D:3)
  5 worms
  14 orcs
  A ball python (D:1)
  5 giant cockroaches
  5 goblins
  8 hobgoblins
  10 kobolds
  2 quokkas
  7 bats
  4 frilled lizards
  7 rats
87 creatures vanquished.

Notes
Turn   | Place    | Note
-------+----------+-------------------------------------------
     0 | D:1      | Delamore the Hill Orc Fighter began the quest for the Orb.
     0 | D:1      | Reached XP level 1. HP: 19/19 MP: 1/1
    44 | D:1      | Reached skill level 3 in Axes
   280 | D:1      | Reached XP level 2. HP: 23/26 MP: 2/2
   450 | D:1      | Reached skill level 4 in Axes
   680 | D:2      | Reached XP level 3. HP: 26/31 MP: 3/3
   808 | D:2      | Reached skill level 5 in Axes
   868 | D:2      | Reached XP level 4. HP: 34/39 MP: 4/4
  1234 | D:2      | Reached skill level 6 in Axes
  1801 | D:3      | Reached XP level 5. HP: 44/45 MP: 5/5
  1825 | D:3      | Found a runed translucent gate.
  1825 | D:3      | Found a runed translucent gate.
  1826 | D:3      | Found a runed translucent gate.
  1826 | D:3      | Identified the +2 whip "Vitahoe" {holy, rPois}
  1827 | D:3      | Found a roughly hewn altar of Beogh.
  1829 | D:3      | Noticed Delamore's ghost (amateur HOFi)
  2013 | D:3      | Found a radiant altar of Vehumet.
  2035 | D:3      | Reached skill level 7 in Axes
  2224 | D:3      | Gained mutation: You expend magic power (3 MP) to
                  | strengthen your wands. [potion of mutation]
  2224 | D:3      | Gained mutation: You have a somewhat thin skeletal
                  | structure. (Dex +2, Stealth) [potion of mutation]
  2450 | D:3      | Reached skill level 8 in Axes
  2664 | D:3      | Reached XP level 6. HP: 51/51 MP: 6/6
  3158 | D:4      | Reached skill level 9 in Axes
  3186 | D:4      | Killed from afar by an orc priest

Levels and vault maps discovered:
D:1:      shiori_arrival_elements, layout_rooms, minmay_hedge_maze,
          minmay_tree_intersection
D:2:      layout_loops_cross, kennysheep_generic_room_11
D:3:      layout_loops_cross, overflow_temple_1_default, first_ration,
          biasface_ghost_orc_armoury
D:4:      layout_cave_pools, grunt_temple_overflow_champion_of_chaos,
          kennysheep_little_box, nrook_uturn, uniq_sigmund

Skill      XL: |  1  2  3  4  5  6 |
---------------+-------------------+-----
Axes           | 3 4 5 6 8 9 |  9.1
Fighting       | |  3.6
Armour         | |  3.2
Shields        | |  3.2

Action                   |  1- 3 |  4- 6 || total
-------------------------+-------+-------++-------
Melee: War axe           |    72 |   231 ||   303
  Use: Potion            |       |     3 ||     3
  Eat: Chunk             |       |     8 ||     8
Armor: Scale mail        |    43 |    84 ||   127
Dodge: Dodged            |    29 |    67 ||    96
Block: Shield            |    41 |   110 ||   151
